Map: Acropolis LE

Players

SortOf - Winner!

  • Race: Zerg Zerg
  • Spawn Location: 11:00

Creature

  • Race: Protoss Protoss
  • Spawn Location: 5:00

VOD

Have the link to the VOD?

Description

Time

  • Played on: Sept. 6, 2019, 12:23 p.m.
  • Length: 13:49
Show
View Real Time Build Order
Export as new Build Order

SortOf Zerg - Winner!

Build Orders: Hatch First, Brood Lord Corruptor 

Get SALT Encoding   

  12  0:01  Drone  
  13  0:12  Overlord  
  13  0:16  Drone  
  14  0:31  Drone x2  
  16  0:47  Hatchery  
  15  0:51  Drone  
  15  0:56  Drone  
  17  0:59  Drone  
  18  1:10  Extractor  
  17  1:15  Spawning Pool  
  17  1:17  Drone  
  17  1:19  Drone  
  18  1:28  Drone  
  19  1:39  Drone  
  20  1:50  Overlord  
  20  2:01  Queen x2  
  20  2:02  Zergling x4  
  26  2:11  Drone x2  
  26  2:12  Metabolic Boost  
  28  2:21  Drone  
  30  2:22  Drone  
  30  2:36  Hatchery  
  29  2:46  Drone  
  29  2:48  Drone  
  29  2:50  Overlord  
  31  2:52  Zergling x2  
  31  2:56  Drone  
  33  3:03  Queen  
  33  3:05  Drone  
  36  3:10  Drone  
  37  3:14  Drone x3  
  40  3:20  Overlord  
  40  3:22  Overlord  
  40  3:27  Drone x2  
  40  3:29  Queen  
  44  3:37  Overlord  
  44  3:40  Drone  
  45  3:44  Drone x4  
  45  3:45  Pneumatized Carapace  
  45  3:48  Drone  
  50  3:53  Zergling x4  
  50  3:54  Spore Crawler  
  51  3:57  Spore Crawler  
  51  4:01  Drone  
  51  4:02  Drone  
  52  4:05  Drone  
  52  4:06  Spore Crawler  
  52  4:12  Drone x2  
  52  4:15  Queen  
  52  4:17  Drone x3  
  58  4:21  Zergling x2  
  58  4:22  Overlord  
  59  4:24  Spore Crawler  
  59  4:26  Spore Crawler  
  55  4:32  Drone x3  
  55  4:33  Drone x3  
  55  4:37  Overlord  
  63  4:42  Roach Warren  
  63  4:44  Drone x2  
  63  4:47  Drone x3  
  63  4:52  Drone x3  
  69  4:54  Overlord  
  69  4:59  Drone  
  70  5:00  Spore Crawler  
  70  5:01  Queen  
  70  5:05  Drone x2  
  73  5:09  Extractor, Drone  
  73  5:13  Extractor, Drone x5  
  77  5:16  Overlord  
  77  5:19  Lair  
  77  5:21  Extractor, Drone x3  
  77  5:25  Drone  
  80  5:30  Hatchery  
  80  5:34  Overlord  
  79  5:37  Drone x5  
  79  5:40  Evolution Chamber  
  79  5:41  Drone x2  
  85  5:46  Overlord  
  85  5:47  Extractor, Roach  
  85  5:49  Roach x2  
  90  5:52  Extractor  
  90  5:55  Roach x3  
  95  5:57  Overlord  
  95  6:02  Baneling Nest  
  95  6:03  Roach x2  
  97  6:09  Overlord  
  97  6:11  Drone  
  98  6:12  Zerg Melee Weapons Level 1  
  98  6:13  Roach  
  98  6:14  Roach x3  
  106  6:19  Overlord  
  106  6:21  Roach  
  106  6:22  Roach x2  
  106  6:25  Glial Reconstitution  
  112  6:28  Infestation Pit  
  112  6:30  Drone x4  
  112  6:32  Overseer  
  114  6:41  Drone x5  
  114  6:43  Drone x3  
  115  6:50  Drone x5  
  115  6:54  Ravager x4  
  124  6:56  Drone x5  
  124  6:58  Centrifical Hooks  
  129  7:03  Drone x3  
  129  7:04  Drone  
  129  7:07  Extractor  
  132  7:09  Hive  
  132  7:12  Overlord  
  132  7:14  Zergling x4  
  132  7:15  Zergling x4  
  136  7:17  Overlord  
  136  7:23  Spire  
  136  7:24  Extractor  
  136  7:25  Overlord  
  136  7:26  Drone x2  
  136  7:27  Overlord  
  136  7:28  Overlord  
  136  7:30  Overlord  
  136  7:32  Overlord  
  136  7:40  Zergling x20  
  136  7:41  Ravager x2  
  136  7:42  Ravager, Overseer  
  149  7:46  Zergling x10  
  149  7:47  Overseer  
  154  7:55  Baneling x12  
  154  7:56  Zergling x10  
  154  7:57  Zergling x2  
  160  8:07  Zerg Melee Weapons Level 2  
  160  8:10  Zergling x16  
  160  8:12  Evolution Chamber, Baneling x6  
  166  8:15  Baneling x5  
  166  8:19  Overlord x2  
  166  8:31  Zergling x22  
  157  8:35  Zergling x2  
  157  8:39  Zergling x10  
  147  8:45  Roach x6  
  147  8:48  Adrenal Glands, Greater Spire  
  142  8:53  Baneling x5  
  142  8:54  Baneling x10  
  138  8:56  Queen  
  138  8:59  Roach x2  
  138  9:00  Zergling x2  
  138  9:01  Zergling x2  
  144  9:04  Zergling x6  
  144  9:13  Zergling x2  
  144  9:14  Zergling x2  
  144  9:15  Zergling x4  
  137  9:18  Zergling x18  
  142  9:34  Drone x2  
  144  9:40  Zerg Ground Armor Level 1  
  144  9:41  Corruptor x5  
  154  9:52  Hatchery  
  153  9:54  Corruptor x2  
  153  9:58  Corruptor x2  
  161  10:02  Baneling x3  
  161  10:03  Baneling x10  
  161  10:04  Zergling x14  
  168  10:09  Overseer  
  163  10:19  Brood Lord, Overlord  
  163  10:20  Brood Lord  
  167  10:23  Zerg Missile Weapons Level 1  
  167  10:32  Brood Lord  
  167  10:34  Drone x5  
  167  10:35  Drone x12  
  186  10:40  Hydralisk Den, Zerg Flyer Weapons Level 1  
  186  10:42  Extractor  
  184  10:45  Extractor  
  183  10:54  Brood Lord x2  
  183  10:56  Brood Lord  
  188  11:03  Brood Lord  
  185  11:06  Zergling x30  
  185  11:08  Baneling  
  185  11:09  Baneling x4  
  199  11:21  Lurker Den  
  199  11:25  Spine Crawler  
  197  11:27  Spine Crawler  
  197  11:28  Spine Crawler x2  
  197  11:29  Spore Crawler, Spine Crawler  
  189  11:37  Drone x4, Spine Crawler x2  
  189  11:38  Spine Crawler  
  189  11:39  Spine Crawler x3  
  187  11:44  Brood Lord x2  
  187  11:45  Corruptor  
  193  11:54  Corruptor x3  
  193  11:58  Pathogen Glands  
  199  12:04  Spine Crawler x2  
  199  12:05  Spore Crawler  
  196  12:09  Corruptor  
  193  12:35  Brood Lord x3  
  199  12:37  Baneling x7  
  199  12:38  Baneling x6  
  198  12:46  Brood Lord  
  199  12:58  Brood Lord  
  196  13:08  Zergling x6  
  196  13:18  Zergling x2  
  196  13:19  Zergling x40  
  199  13:30  Baneling x6  
Show
View Real Time Build Order
Export as new Build Order

Creature Protoss 

Build Orders: 1 Gate Expand, Oracle Opening, Phoenix Opening, Archon Immortal 

Get SALT Encoding   

  12  0:00  Probe  
  13  0:12  Probe  
  14  0:21  Pylon  
  14  0:25  Probe  
  15  0:35  Probe  
  15  0:40  Gateway  
  16  0:43  Probe  
  16  0:49  Assimilator  
  17  0:53  Probe  
  18  1:05  Probe  
  19  1:17  Probe  
  20  1:25  Nexus  
  20  1:37  Cybernetics Core  
  20  1:40  Probe  
  20  1:46  Assimilator  
  21  1:50  Pylon  
  21  1:53  Probe  
  22  2:03  Adept  
  22  2:05  Probe  
  25  2:17  Stargate  
  25  2:19  Probe  
  26  2:27  Warp Gate  
  26  2:30  Probe  
  26  2:34  Probe, Adept  
  29  2:38  Probe  
  29  2:42  Probe  
  31  2:46  Probe  
  33  2:52  Probe  
  33  2:56  Phoenix  
  33  2:57  Probe  
  35  3:04  Probe  
  38  3:09  Probe  
  39  3:15  Oracle  
  39  3:16  Probe  
  40  3:22  Probe  
  44  3:28  Pylon, Probe  
  44  3:30  Assimilator  
  44  3:32  Assimilator  
  44  3:34  Probe  
  46  3:35  Gateway  
  46  3:42  Oracle  
  46  3:45  Pylon  
  46  3:46  Probe x2  
  51  3:58  Probe  
  51  3:59  Probe  
  53  4:05  Pylon  
  53  4:11  Probe x2  
  53  4:14  Oracle  
  55  4:23  Probe  
  59  4:36  Probe  
  59  4:38  Probe, Robotics Facility  
  61  4:40  Forge  
  61  4:41  Adept x2  
  61  4:44  Pylon  
  65  4:48  Probe  
  66  4:57  Probe  
  67  5:06  Nexus  
  67  5:08  Pylon  
  67  5:10  Pylon  
  67  5:15  Immortal, Probe x2, Protoss Ground Weapons Level 1  
  67  5:18  Twilight Council  
  69  5:27  Probe  
  74  5:30  Probe  
  74  5:31  Sentry x2  
  79  5:42  Shield Battery  
  79  5:45  Charge  
  79  5:50  Gateway  
  79  5:53  Gateway, Probe x2  
  79  5:54  Gateway x2  
  81  6:02  Templar Archives  
  81  6:05  Probe x2  
  83  6:16  Immortal  
  83  6:17  Probe x2  
  85  6:19  Probe  
  85  6:25  Pylon  
  86  6:26  Assimilator  
  86  6:29  Probe  
  86  6:30  Probe, Assimilator  
  86  6:31  Psionic Storm, Probe  
  93  6:34  Gateway  
  93  6:36  Gateway  
  93  6:38  Pylon  
  93  6:41  Probe  
  93  6:42  Probe  
  92  6:48  Probe  
  92  6:53  Probe  
  91  6:57  High Templar x2  
  91  6:58  Immortal  
  95  7:01  Probe  
  100  7:12  Gateway  
  100  7:13  Gateway  
  100  7:14  High Templar  
  100  7:15  Pylon x2, High Templar  
  104  7:16  Zealot x2  
  108  7:31  Pylon  
  108  7:32  Probe  
  108  7:34  Warp Prism  
  108  7:35  Protoss Ground Weapons Level 2  
  108  7:36  High Templar x2  
  115  7:37  Zealot x4  
  115  7:42  Archon  
  123  7:50  Pylon  
  123  7:51  Zealot x2  
  127  7:58  Zealot  
  127  8:03  Pylon  
  127  8:04  Pylon  
  129  8:06  Pylon  
  129  8:10  Observer  
  129  8:11  High Templar  
  129  8:12  Zealot x6, High Templar  
  143  8:13  Zealot  
  143  8:16  Archon  
  148  8:22  Zealot  
  150  8:30  Archon  
  138  8:38  Immortal  
  98  8:41  Zealot x6  
  98  8:42  Zealot  
  98  8:46  Zealot x3  
  110  9:04  Zealot x4  
  110  9:05  Zealot x2  
  110  9:08  Zealot x4  
  114  9:17  Immortal  
  108  9:25  High Templar x4  
  106  9:31  Nexus  
  106  9:32  High Templar x3  
  106  9:33  Pylon, Zealot x2  
  106  9:37  Blink  
  116  9:41  Archon  
  116  9:44  Probe  
  117  9:48  Immortal  
  117  9:49  Shield Battery, Photon Cannon  
  121  10:00  High Templar  
  121  10:01  Probe  
  124  10:17  High Templar  
  124  10:18  High Templar  
  124  10:19  Zealot x4  
  124  10:20  Zealot x3  
  142  10:24  Assimilator  
  142  10:26  Assimilator  
  142  10:31  Protoss Ground Weapons Level 3  
  142  10:35  Probe  
  142  10:41  Stalker x6  
  155  10:59  High Templar  
  155  11:00  High Templar  
  155  11:03  Archon  
  153  11:07  Observer  
  146  11:14  High Templar  
  148  11:19  Zealot x2  
  148  11:20  Zealot x5  
  157  11:37  Stalker  
  159  11:44  Stalker x8  
  175  11:56  Stalker  
  177  12:09  Zealot x6  
  177  12:10  Zealot x2  
  193  12:16  Fleet Beacon  
  193  12:19  Stargate  
  193  12:22  Stargate  
  179  12:32  Zealot  
  179  12:35  Shield Battery  
  179  12:38  Photon Cannon, Zealot  
  179  12:39  Zealot x8  
  187  13:07  Stalker x7  
  152  13:31  Stalker x2  
  152  13:33  Stalker x2  
Tags
 
Add a new tag
Caveats
  • Supply blocks, unpowered buildings, or Contaminate may cause inaccurate times.
  • Supply counts are checked every 10 seconds.